 Dungeon Crawl Stone Soup version 0.28.0-49-g6dfe1f597d (webtiles) character file.

Game seed: 6687676332769586903

4827 H0rd4k the Carver (level 10, -1/76 HPs)
             Began as a Human Artificer on May 20, 2022.
             Was an Initiate of Gozag.
             Slain by a wyvern (15 damage)
             ... on level 9 of the Dungeon.
             The game lasted 00:18:29 (16905 turns).

H0rd4k the Carver (Human Artificer)                Turns: 16905, Time: 00:18:30

Health: -1/76      AC:  7    Str: 17    XL:     10   Next: 77%
Magic:  10/10      EV: 13    Int: 13    God:    Gozag
Gold:   476        SH:  0    Dex: 14    Spells: 9/9 levels left

rFire   . . .      SeeInvis .   v - +4 falchion
rCold   . . .      Faith    .   (no shield)
rNeg    . . .      Spirit   .   x - +1 leather armour of an ossuary {Harm Str+2}
rPois   .          Reflect  .   (no helmet)
rElec   .          Harm     +   b - scarf {repulsion}
rCorr   .          Rampage  .   (no gloves)
Will    .....                   H - +1 pair of boots
Stlth   +++.......              (no amulet)
HPRegen 0.22/turn               (no ring)
MPRegen 0.12/turn               (no ring)

@: gold aura, repel missiles
A: no striking features
a: Renounce Religion, Potion Petition, Call Merchant, Bribe Branch


You were on level 9 of the Dungeon.
You worshipped Gozag.
Gozag was aware of your devotion.
You visited 1 branch of the dungeon, and saw 10 of its levels.
You also visited: Ossuary.

You collected 1382 gold pieces.
You spent 868 gold pieces at shops.
You paid 38 gold pieces to Gozag.

Inventory:

Hand Weapons
 q - the +2 whip of Doasuboterph {spect, *Corrode rPois rN++ Int-3}
   (You found it on level 10 of the Dungeon)

   When its wielder attacks, the weapon's spirit leaps out and strikes again.
   The spirit shares a part of any damage it takes with its wielder.
   Int:       It affects your intelligence (-3).
   rPois:     It protects you from poison.
   rN:        It greatly protects you from negative energy.
   *Corrode:  It may corrode you when you take damage.
 v - a +4 falchion (weapon)
Missiles
 w - 21 poisoned darts
 F - a curare-tipped dart
Armour
 b - a scarf of repulsion (worn)
 t - a +0 chain mail of willpower
 x - the +1 leather armour of an ossuary (worn) {Harm Str+2}
   (You bought it in a shop on level 10 of the Dungeon)

   Str:       It affects your strength (+2).
   Harm:      It increases damage dealt and taken.
 y - the +1 chain mail of Hihit {rN+ Will+}
   (You bought it in a shop on level 10 of the Dungeon)

   rN:        It protects you from negative energy.
   Will:      It increases your willpower.
 E - a +0 leather armour of fire resistance
 H - a +1 pair of boots (worn)
Magical Staves
 f - a staff of air
 u - a staff of poison
Jewellery
 z - a ring of see invisible
Wands
 c - a wand of paralysis (2) (quivered)
 D - a wand of flame (27)
 G - a wand of polymorph (7)
Scrolls
 a - a scroll of enchant weapon
 d - 2 scrolls of identify
 g - 3 scrolls of magic mapping
 r - 2 scrolls of noise
 A - 2 scrolls of teleportation
 C - a scroll of vulnerability
 I - 2 scrolls of acquirement {unknown}
Potions
 h - 3 potions of heal wounds
 i - 3 potions of lignification {unknown}
 j - a potion of ambrosia
 k - a potion of cancellation {unknown}
 l - a potion of mutation {unknown}
 m - a potion of attraction {unknown}
 n - 3 potions of haste
 o - 5 potions of curing
 p - 2 potions of flight
 s - 3 potions of invisibility
 B - a potion of brilliance
Miscellaneous
 e - a piece from Xom's chessboard (15/15)


   Skills:
 + Level 5.7 Fighting
 + Level 8.4 Long Blades
 + Level 3.4 Maces & Flails
 + Level 5.5 Armour
 + Level 5.1 Dodging
 + Level 6.6 Stealth
 + Level 5.2 Evocations


You had 9 spell levels left.
You didn't know any spells.
Your spell library contained the following spells:

 Spells                   Type           Power      Damage    Failure   Level
 Foxfire                  Conj/Fire      0%         2x1d4     36%         1
 Conjure Flame            Conj/Fire      0%         6-21      73%         3
 Inner Flame              Hex/Fire       0%         N/A       73%         3
 Flame Wave               Conj/Fire      0%         2d4       98%         4
 Alistair's Intoxication  Tmut/Pois      0%         N/A       100%        5
 Borgnjor's Vile Clutch   Necr/Erth      0%         N/A       100%        5
 Eringya's Noxious Bog    Tmut/Pois      0%         N/A       100%        6


Dungeon Overview and Level Annotations

Branches:
Dungeon (10/15)            Temple (0/1) D:4            Lair (0/6) D:8
Ossuary (visited)
    Orc: D:9-12

Altars:
Fedhas
Gozag
Qazlal
Uskayaw
Vehumet
The Shining One
Beogh

Shops:
D:2 :   D:10 [

Annotations:
D:3 exclusion: downstairs
D:6 exclusion: steam dragon
D:7 3 runed translucent doors, exclusion: 3 doors, maxonian's ghost, novice GrFi
D:8 Harold
D:10 exclusions: ogre mage and two-headed ogre, Erica


Message History

You hit the wyvern but do no damage.
The wyvern is heavily wounded.
The wyvern bites you but does no damage.
The wyvern bites you!
You hit the wyvern.
The wyvern is heavily wounded.
The wyvern bites you but does no damage.
You slash the wyvern!
The wyvern is almost dead.
The wyvern misses you.
You hit the wyvern.
You kill the wyvern!
A wyvern comes into view.
You see here 13 gold pieces.
A wyvern is nearby!
A wyvern is nearby!
You now have 476 gold pieces (gained 13).
The wyvern hisses angrily.
The wyvern is distracted by your dazzling golden aura.
The wyvern is no longer distracted by gold.
The wyvern bites you but does no damage.
The wyvern bites you!
You barely miss the wyvern.
The wyvern hisses menacingly.
The wyvern closely misses you.
You slash the wyvern!
The wyvern is heavily wounded.
The wyvern bites you! The wyvern closely misses you.
You hit the wyvern but do no damage.
The wyvern is heavily wounded.
The wyvern bites you!
You closely miss the wyvern.
The wyvern is heavily wounded.
The wyvern bites you!
* * * LOW HITPOINT WARNING * * *
You hit the wyvern. Your punch misses the wyvern.
The wyvern is severely wounded.
The wyvern bites you!
You die...
Your body crumbles into a pile of gold.

##+# +...........
#.....##..##..##...
#.....##.. #####.>.
#.....##. .... # ##.....##
.... ####..#......# ....
......#......# ..#
......'...l..# .....##.@#
#..##..## #### #
##.......#.....# #..# #.
#........+.....+ #..#
##..#........#.....# #...
<'..'...##..##....####+##..#
##..##..##..##....##...###'#
#. #...#.........#....<..#
#...#.......>.#.......#


You could see a wyvern.

Vanquished Creatures
  A cane toad (shapeshifter) (D:9)
  2 trolls (D:10)
  Prince Ribbit (D:6)
  2 wraiths
  3 wyverns (D:9)
  A steam dragon (D:8)
  Edmund (D:6)
  3 water moccasins
  3 orc warriors
  A sky beast (D:5)
  2 black bears
  A necrophage (D:8)
  An ogre (D:7)
  3 phantoms
  3 centaurs
  2 kobold brigands
  3 bullfrogs (D:7)
  A wyvern zombie (D:8)
  A killer bee (D:9)
  A howler monkey (D:5)
  A wight (Ossuary)
  3 centaur zombies
  3 hounds
  3 jellies
  3 orc priests
  A bullfrog skeleton (D:5)
  An iguana (D:4)
  4 orc wizards
  A hound skeleton (D:4)
  A howler monkey zombie (D:9)
  A gnoll (D:9)
  4 adders
  An ufetubus (D:5)
  4 adder zombies
  2 worms
  3 dart slugs
  23 orcs
  3 ball pythons
  15 endoplasms
  2 giant cockroaches
  4 goblins
  10 hobgoblins
  4 jackals
  A quokka (D:1)
  5 bats
  4 frilled lizards
  3 hobgoblin skeletons (Ossuary)
  A hobgoblin zombie (Ossuary)
  15 kobolds
  2 orc skeletons (Ossuary)
  8 rats
172 creatures vanquished.

Vanquished Creatures (collateral kills)
  An acid dragon (D:8)
  3 orc priests
  7 orcs
  A jackal (D:1)
  A kobold (D:4)
13 creatures vanquished.

Vanquished Creatures (others)
  A wight (Ossuary)
  A jelly (D:2)
  A jackal (D:1)
  2 kobolds (D:2)
  6 fungi (D:2)
  44 plants
  5 toadstools (D:2)
60 creatures vanquished.

Grand Total: 245 creatures vanquished

Notes
Turn   | Place    | Note
-------+----------+-------------------------------------------
     0 | D:1      | H0rd4k the Human Artificer began the quest for the Orb.
     0 | D:1      | Reached XP level 1. HP: 15/15 MP: 1/1
   306 | D:1      | Reached XP level 2. HP: 21/21 MP: 2/2
  1064 | D:1      | Reached XP level 3. HP: 16/26 MP: 3/3
  1747 | D:2      | Found Plog's Book Shop.
  1846 | D:2      | HP: 1/26 [kobold/stone (2)]
  2168 | D:2      | Reached skill level 1 in Maces & Flails
  2861 | D:2      | Reached XP level 4. HP: 11/32 MP: 4/4
  2863 | D:2      | HP: 1/32 [frozen (4)]
  3164 | D:2      | Reached XP level 5. HP: 23/38 MP: 5/5
  3988 | D:3      | Found a faded altar of an unknown god.
  5054 | D:3      | Found an opulent altar of Gozag.
  5121 | D:3      | Became a worshipper of Gozag Ym Sagoz the Greedy
  5216 | D:4      | Found a staircase to the Ecumenical Temple.
  5265 | D:4      | Found a sand-covered staircase.
  5278 | Ossuary  | Entered an ossuary
  5584 | Ossuary  | Reached XP level 6. HP: 11/44 MP: 6/6
  5860 | Ossuary  | Noticed a flying skull
  5860 | Ossuary  | Noticed a wraith
  5871 | Ossuary  | Noticed a flying skull
  5901 | Ossuary  | Noticed a wraith
  5908 | Ossuary  | Noticed a flying skull
  5928 | Ossuary  | Killed a wraith
  5948 | Ossuary  | Reached XP level 7. HP: 50/50 MP: 7/7
  5960 | Ossuary  | Noticed a flying skull
  5966 | Ossuary  | Noticed a wraith
  7140 | D:4      | Reached skill level 1 in Long Blades
  7328 | D:4      | Reached skill level 2 in Long Blades
  7671 | D:4      | Found a hide-covered altar of Uskayaw.
  7680 | D:4      | Found a radiant altar of Vehumet.
  7733 | D:5      | Entered Level 5 of the Dungeon
  7763 | D:5      | Reached XP level 8. HP: 13/57 MP: 8/8
  8009 | D:5      | Reached skill level 3 in Long Blades
  8475 | D:5      | Reached skill level 4 in Long Blades
  9394 | D:5      | Found a glowing golden altar of the Shining One.
 10027 | D:6      | Reached XP level 9. HP: 50/65 MP: 9/9
 10125 | D:6      | Noticed Prince Ribbit
 10130 | D:6      | Killed Prince Ribbit
 10131 | D:6      | Reached skill level 5 in Long Blades
 10233 | D:6      | Noticed Edmund
 10252 | D:6      | Killed Edmund
 11391 | D:7      | Reached skill level 5 in Armour
 11492 | D:7      | Reached skill level 6 in Long Blades
 12638 | D:7      | Found a runed translucent gate.
 12638 | D:7      | Found a runed translucent gate.
 12638 | D:7      | Found a runed translucent gate.
 12641 | D:7      | Noticed maxonian's ghost (novice GrFi)
 12862 | D:8      | Noticed Harold
 13027 | D:8      | Reached XP level 10. HP: 34/73 MP: 10/10
 13029 | D:8      | Reached skill level 5 in Fighting
 13029 | D:8      | Reached skill level 7 in Long Blades
 13029 | D:8      | Reached skill level 5 in Stealth
 14395 | D:8      | Found a blossoming altar of Fedhas.
 14431 | D:8      | Found a staircase to the Lair.
 14867 | D:9      | Reached skill level 5 in Evocations
 15279 | D:9      | Identified the +1 robe of Pupheq {Slay+3}
 15314 | D:9      | Noticed a yaktaur
 15319 | D:10     | Entered Level 10 of the Dungeon
 15497 | D:10     | Found a stormy altar of Qazlal.
 15498 | D:10     | Identified the +2 whip of Doasuboterph {spect, *Corrode
                  | rPois rN++ Int-3}
 15657 | D:10     | Noticed an ogre mage
 15657 | D:10     | Noticed a two-headed ogre
 15657 | D:10     | Noticed a two-headed ogre
 15699 | D:10     | Noticed Erica
 15802 | D:10     | Reached skill level 5 in Dodging
 15812 | D:10     | Found Icsazy's Antique Armour Shoppe.
 15819 | D:10     | Bought a twisted leather armour for 175 gold pieces
 15819 | D:10     | Identified the +1 leather armour of an ossuary {Harm Str+2}
                  | (You bought it in a shop on level 10 of the Dungeon)
 15819 | D:10     | Bought a scorched chain mail for 237 gold pieces
 15819 | D:10     | Identified the +1 chain mail of Hihit {rN+ Will+} (You
                  | bought it in a shop on level 10 of the Dungeon)
 16149 | D:2      | Bought Great Wizards, Vol. II for 456 gold pieces
 16377 | D:9      | Reached skill level 8 in Long Blades
 16716 | D:9      | Noticed a rime drake
 16719 | D:9      | Noticed a cane toad
 16719 | D:9      | a rime drake changed into a cane toad
 16729 | D:9      | Killed a cane toad
 16905 | D:9      | Slain by a wyvern

Illustrated notes

Levels and vault maps discovered:
D:1:      grunt_arrival_lava_bath, layout_basic, ebering_dispersal_statue_hall
D:2:      cheibrodos_fertilizer, layout_loops_ring, serial_shops, shop
D:3:      layout_basic, mainiacjoe_overflow_paths, basic_ecumenical_altar,
          nrook_loot_triangle
D:4:      layout_loops_cross, mainiacjoe_overflow_swirl,
          minmay_temple_entry_gardened_gates, nicolae_ossuary_entry_plus,
          serial_park_tiny_pond
D:5:      layout_basic, tso_oasis_becter, wad_floor_pattern_untrapped,
          corexii_corridor_pit, chequers_big_river, st_stairs_1,
          nrook_pool_corridor, chequers_serial_rivers_micro_b, dk_noncrumbling_4
D:6:      layout_rooms, serial_rivers, chequers_serial_rivers_large_a,
          chequers_serial_rivers_room_a, chequers_serial_rivers_small_b,
          chequers_serial_rivers_small_a, chequers_serial_rivers_large_b,
          chequers_serial_rivers_micro_e, solitary_fountain,
          nicolae_elevator_lobby_asterisk, uniq_prince_ribbit1, uniq_edmund
D:7:      layout_cave_pods, biasface_ghost_orc_armoury,
          kennysheep_generic_room_8
D:8:      layout_basic, mainiacjoe_overflow_chevrons, lair_entry_dummy,
          uniq_harold
D:9:      kennysheep_housing_project, layout_gridville,
          chequers_temple_overflow_statue_of_worship
D:10:     layout_basic, mainiacjoe_overflow_catwalk, serial_shops, shop_statue,
          uniq_erica

Skill      XL: |  1  2  3  4  5  6  7  8  9 10 |
---------------+-------------------------------+-----
Maces & Flails | 1 2 3 |  3.4
Armour         | 3 4 5 |  5.5
Dodging        | 2 3 4 5 |  5.1
Stealth        | 2 3 4 6 |  6.6
Fighting       | 2 3 4 5 |  5.7
Long Blades    | 2 4 6 8 |  8.4
Evocations     | 4 5 |  5.2

Action                   |  1- 3 |  4- 6 |  7- 9 | 10-12 || total
-------------------------+-------+-------+-------+-------++-------
Melee: Club              |   191 |   189 |       |       ||   380
       Punch             |     6 |       |     7 |     2 ||    15
       Falchion          |       |       |   309 |   166 ||   475
Evoke: Wand              |     8 |    16 |    30 |    16 ||    70
  Use: Potion            |       |     1 |     1 |       ||     2
       Scroll            |       |       |     4 |    13 ||    17
 Stab: Sleeping          |     2 |     4 |     7 |     1 ||    14
       Distracted        |       |       |     1 |     2 ||     3
       Paralysed         |       |       |     6 |    16 ||    22
Armor: Leather armour    |    66 |    46 |    53 |    42 ||   207
Dodge: Dodged            |   131 |   129 |   201 |   108 ||   569
       Repelled          |       |       |     1 |       ||     1
